Cogmind - Beta 10.2 @@@ ROGUE MODE // 2021.03.07 @ 12:44:53 Player: MoonDog Result: Destroyed by S-10 Pest with Light Assault Rifle Performance ------------- Evolutions (2) 1000 Regions Visited (5) 1000 Robots Destroyed (16) 80 Value Destroyed (500) 500 Prototype IDs (1) 20 Alien Tech Used (0) 0 Bonus (39) 39 TOTAL SCORE: 2639 Bonus ------- Follower Combat Kills 39 Cogmind --------- Core Integrity 0/550 Matter 287/300 Energy 100/100 System Corruption 0% Temperature Cool (0) Movement Core (50) Location -8/Materials Parts ------- > --- POWER (1) -------- (None) > --- PROPULSION (3) --- (None) > --- UTILITY (5) ------ Targeting Computer > --- WEAPON (2) ------- Heavy Mace > --- INVENTORY (4) ---- Light Nuclear Core Improved Sensor Array Transmission Jammer Hacking Suite Peak State ------------ > --- POWER ------------ Light Nuclear Core > --- PROPULSION ------- Aluminum Leg Aluminum Leg Improved Aluminum Leg > --- UTILITY ---------- Improved Heat Sink Medium Storage Unit Targeting Computer Targeting Computer Improved Light Armor Plating > --- WEAPON ----------- Advanced Beam Rifle Light Cannon > --- INVENTORY -------- Medium Matter Pod Structural Scanner Improved Sensor Array Hardened Light Armor Plating Particle Gun [Rating: 21] Favorites ----------- Power Light Nuclear Core Power Core Light Nuclear Core Propulsion Aluminum Leg Leg Aluminum Leg Wheel Wheel Flight Unit Cesium-ion Thruster Utility Targeting Computer Device Tractor Beam Storage Medium Storage Unit Processor Targeting Computer Protection Improved Light Armor Plating Weapon Light Cannon Energy Gun Particle Gun Ballistic Gun Assault Rifle Ballistic Cannon Light Cannon Launcher Rocket Launcher Special Weapon Mining Laser Impact Weapon Heavy Mace Build | -11 -10 -10 -10 -9 -8 ------- Run | Scr Mat Min Exi Min Mat Slots Evolved 4 | . . . . . 4 Power . | . . . . . . Propulsion 1 | . . . . . 1 Utility 3 | . . . . . 3 Weapon . | . . . . . . Parts Attached 29 | 5 8 3 . 4 9 Power 1 | . 1 . . . . Engine . | . . . . . . Core 1 | . 1 . . . . Reactor . | . . . . . . Propulsion 10 | 2 2 1 . 3 2 Treads . | . . . . . . Leg 7 | . 2 1 . 3 1 Wheel 2 | 2 . . . . . Hover . | . . . . . . Flight 1 | . . . . . 1 Utility 9 | 1 4 . . . 4 Device 3 | 1 . . . . 2 Storage 2 | . 2 . . . . Processor 2 | . 1 . . . 1 Hackware . | . . . . . . Protection 2 | . 1 . . . 1 Artifact . | . . . . . . Weapon 9 | 2 1 2 . 1 3 Energy Gun 3 | . . . . 1 2 Energy Cannon . | . . . . . . Ballistic Gun 2 | 2 . . . . . Ballistic Cannon 1 | . 1 . . . . Launcher 1 | . . 1 . . . Special Weapon 1 | . . 1 . . . Impact Weapon 1 | . . . . . 1 Slashing Weapon . | . . . . . . Piercing Weapon . | . . . . . . Special Melee Weapon . | . . . . . . Unidentified Prototypes 1 | . . . . . 1 Parts Lost 10 | . 3 1 . 1 5 Power . | . . . . . . Propulsion 5 | . 2 . . . 3 Utility 2 | . 1 . . . 1 Weapon 3 | . . 1 . 1 1 Highest Loss Streak 5 | . 2 1 . 1 5 Average Slot Usage (%) 89 | . 84 99 100 98 50 Core 11 | . 8 14 14 14 3 Leg 22 | . 16 28 28 28 11 Wheel 3 | . 10 . . . . Device 1 | . 3 . . . 4 Storage 11 | . 8 14 14 14 3 Processor 11 | . 6 14 14 14 14 Protection 1 | . 1 . . . 3 Ballistic Gun 7 | . 21 2 . . . Ballistic Cannon 10 | . 6 14 14 14 . Launcher 4 | . . 2 14 9 . Special Weapon 2 | . . 8 . . . Naked Turns . | . . . . . . Heaviest Build 23 | 4 18 20 20 20 23 Greatest Support 33 | 3 20 20 20 23 33 Greatest Overweight (x) 2 | 1 2 1 . 1 . Average Overweight (x) . | . . . . . . Largest Inventory Capacity 8 | 4 8 8 8 8 8 Average Capacity 6 | 4 5 8 8 8 5 Most Carried 8 | 2 7 8 8 8 7 Average Carried 6 | 1 4 7 8 7 4 Final Capacity 8 | 4 8 8 8 8 4 Final Carried 8 | 2 7 8 8 8 4 Class Distribution -------------------- 93% | Mutant 6% | Scavenger-Mutant Dominant Class ---------------- Mutant | -10/Materials Mutant | -10/Mines Mutant | -10/Exiles Mutant | -9/Mines Mutant | -8/Materials Resources | -11 -10 -10 -10 -9 -8 ----------- Run | Scr Mat Min Exi Min Mat Matter Collected 899 | 268 326 83 . 154 68 Remotely 6 | . 6 . . . . Salvage Created 562 | 78 228 72 . 128 56 Parts 26 | 2 14 2 . 8 . Haulers Intercepted 2 | . 2 . . . . Recyclers Shooed . | . . . . . . Parts Field Recycled . | . . . . . . Retrieved Matter . | . . . . . . Parts Self-Destructed . | . . . . . . Prevented . | . . . . . . Kills | -11 -10 -10 -10 -9 -8 ------- Run | Scr Mat Min Exi Min Mat Combat Hostiles Destroyed 13 | . 3 3 . 6 1 Guns 3 | . 3 . . . . Cannons 6 | . . 3 . 3 . AOE 3 | . . . . 3 . Classes Destroyed 6 | 1 2 1 . 2 . Tunneler 1 | . . . . 1 . Hauler 2 | . 2 . . . . Recycler 1 | 1 . . . . . Grunt 11 | . 3 2 . 5 1 Duelist 1 | . . . . 1 . Assembled 1 | . . 1 . . . Best Kill Streak 4 | 1 1 2 . 4 1 Combat Bots Only 3 | . 1 2 . 3 1 Max Kills in Single Turn 3 | 1 1 1 . 3 1 Gunslinging . | . . . . . . Exploded 2 | . . . . 2 . Melee . | . . . . . . Uniques/NPCs Destroyed . | . . . . . . Combat | -11 -10 -10 -10 -9 -8 -------- Run | Scr Mat Min Exi Min Mat Damage Taken 1789 | . 390 258 . 271 870 Core 774 | . 151 62 . 11 550 Absorbed by Shields . | . . . . . . Core Remaining (%) 55 | 100 . . . 10 . Volleys Fired 64 | 6 36 10 . 12 . Largest 2 | 2 2 2 . 2 . Hottest 68 | 40 55 55 . 68 . Shots Fired 119 | 12 72 16 . 19 . Gun 83 | 12 65 6 . . . Cannon 29 | . 7 10 . 12 . Launcher 7 | . . . . 7 . Special . | . . . . . . Kinetic 112 | 12 72 16 . 12 . Thermal . | . . . . . . Explosive 7 | . . . . 7 . Electromagnetic . | . . . . . . Robot Hit Streak 9 | 2 7 5 . 9 . Robot Miss Streak 2 | 2 2 2 . 2 . Penetration Max . | . . . . . . Secondary Targets . | . . . . . . Shots Hit Robots 82 | 6 47 12 . 13 4 Core Hits 30 | 2 11 6 . 11 . Critical Hits 2 | . 1 . . 1 . Critical Kills . | . . . . . . Critical Parts Destroyed 2 | . 1 . . 1 . Melee Attacks 7 | . . . . . 7 Impact 7 | . . . . . 7 Slashing . | . . . . . . Piercing . | . . . . . . Sneak Attacks 1 | . . . . . 1 Combat Hostiles . | . . . . . . Follow-up Attacks . | . . . . . . Damage Inflicted 1473 | 54 432 200 . 625 162 Guns 496 | 54 401 41 . . . Cannons 375 | . 31 159 . 185 . Explosions 440 | . . . . 440 . Melee 162 | . . . . . 162 Ramming . | . . . . . . Kinetic 871 | 54 432 200 . 185 . Thermal . | . . . . . . Explosive 440 | . . . . 440 . Electromagnetic . | . . . . . . Impact 162 | . . . . . 162 Slashing . | . . . . . . Piercing . | . . . . . . Highest Corruption 2 | . 2 2 2 2 . Average Corruption 1 | . 1 2 2 2 . Corruption Purged . | . . . . . . Effects 5 | . . 1 3 1 . Message Errors 2 | . . . 1 1 . Heat Flow Errors 1 | . . . 1 . . Energy Discharges 1 | . . . 1 . . Targeting Errors 1 | . . 1 . . . Overload Shots . | . . . . . . Overflow Damage 32 | . . . . . 32 Projectiles . | . . . . . . Explosions . | . . . . . . Melee 32 | . . . . . 32 Knockbacks 5 | . 1 1 . 3 . Impact . | . . . . . . Kinetic 5 | . 1 1 . 3 . Secondary . | . . . . . . Self-Inflicted Damage 86 | . . . . 86 . Shots 3 | . . . . 3 . Rammed . | . . . . . . Targets Rammed . | . . . . . . Kicked . | . . . . . . Crushed . | . . . . . . Highest Temperature 193 | . 10 27 193 129 7 Average Temperature 41 | . 2 20 102 61 6 Received Heat Transfer 690 | . 213 27 . 108 342 Siege Activations . | . . . . . . Robots Corrupted . | . . . . . . Combat Hostiles . | . . . . . . Parts Fried 3 | . . . . . 3 Impact Corruptions 1 | . . . . . 1 Robots Melted . | . . . . . . Combat Hostiles . | . . . . . . Parts Melted . | . . . . . . Heat Transferred . | . . . . . . Parts Sabotaged . | . . . . . . Parts Stolen . | . . . . . . Parts Stripped . | . . . . . . Power Chain Reactions . | . . . . . . Missiles Intercepted . | . . . . . . Alert | -11 -10 -10 -10 -9 -8 ------- Run | Scr Mat Min Exi Min Mat Peak Influence 150 | 5 102 73 . 150 94 Initial 58 | . 3 1 . . 58 Average 61 | 1 54 66 . 89 56 Maximum Alert Level . | . . . . . . Low Security (%) 100 | 100 100 100 . 100 100 Level 1 . | . . . . . . Level 2 . | . . . . . . Level 3 . | . . . . . . Level 4 . | . . . . . . Level 5 . | . . . . . . High Security . | . . . . . . Max Security . | . . . . . . Squads Dispatched 2 | . . . . . 2 Investigation . | . . . . . . Extermination . | . . . . . . Reinforcement 2 | . . . . . 2 Assault . | . . . . . . Garrison . | . . . . . . Intercept . | . . . . . . Construction Impeded . | . . . . . . Haulers Reinforced . | . . . . . . Stealth | -11 -10 -10 -10 -9 -8 --------- Run | Scr Mat Min Exi Min Mat Distress Signals 4 | . 1 1 . . 2 Communications Jammed . | . . . . . . Distress Signals . | . . . . . . Times Spotted 45 | . 9 9 . 6 21 Peak Tracking Total 19 | . 5 4 . 3 19 Tactical Retreats 3 | . . 1 . . 2 Traps | -11 -10 -10 -10 -9 -8 ------- Run | Scr Mat Min Exi Min Mat Traps Triggered 3 | . 3 . . . . Indirectly . | . . . . . . Trap Hack Attempts . | . . . . . . Triggered . | . . . . . . Disarmed . | . . . . . . Reprogrammed . | . . . . . . Reused . | . . . . . . Traps Extracted . | . . . . . . Installed . | . . . . . . Triggered 1 | . . 1 . . . Machines | -11 -10 -10 -10 -9 -8 ---------- Run | Scr Mat Min Exi Min Mat Machines Disabled 1 | . 1 . . . . Max in Single Turn 1 | . 1 . . . . Machines Sabotaged . | . . . . . . Garrisons Compromised . | . . . . . . Overloaded Fab Kills . | . . . . . . Fab Network Shutdowns . | . . . . . . Hacking | -11 -10 -10 -10 -9 -8 --------- Run | Scr Mat Min Exi Min Mat Machines Accessed 8 | . 5 . . . 3 Terminals 7 | . 5 . . . 2 Fabricators . | . . . . . . Repair Stations . | . . . . . . Recycling Units . | . . . . . . Scanalyzers 1 | . . . . . 1 Garrison Access . | . . . . . . Total Hacks 21 | . 13 . . . 8 Successful 7 | . 2 . . . 5 Failed 14 | . 11 . . . 3 Catastrophic . | . . . . . . Database Lockouts . | . . . . . . Manual 18 | . 12 . . . 6 Terminals 19 | . 13 . . . 6 Fabricators . | . . . . . . Repair Stations . | . . . . . . Recycling Units . | . . . . . . Scanalyzers 2 | . . . . . 2 Garrison Access . | . . . . . . Terminal Hacks 2 | . . . . . 2 Terminal Index 1 | . . . . . 1 Unreport Threat 1 | . . . . . 1 Fabricator Hacks . | . . . . . . Repair Station Hacks . | . . . . . . Recycling Unit Hacks . | . . . . . . Scanalyzer 2 | . . . . . 2 Insert Component 1 | . . . . . 1 Analyze 1 | . . . . . 1 Garrison Access Hacks . | . . . . . . Unauthorized Hacks 3 | . 2 . . . 1 Terminals 3 | . 2 . . . 1 Botnet 3 | . 2 . . . 1 Fabricators . | . . . . . . Repair Stations . | . . . . . . Recycling Units . | . . . . . . Scanalyzers . | . . . . . . Garrison Access . | . . . . . . Data Cores Recovered . | . . . . . . Used . | . . . . . . Hacking Detections 7 | . 5 . . . 2 Full Trace Events . | . . . . . . Feedback Events . | . . . . . . Feedback Blocked . | . . . . . . Robot Schematics Acquired . | . . . . . . Robots Built . | . . . . . . Matter . | . . . . . . Time . | . . . . . . Total Robot Build Rating . | . . . . . . Part Schematics Acquired 1 | . . . . . 1 Parts Built . | . . . . . . Matter . | . . . . . . Time . | . . . . . . Total Part Build Rating . | . . . . . . Parts Repaired . | . . . . . . Time . | . . . . . . Parts Recycled . | . . . . . . Recycled Matter . | . . . . . . Retrieved Matter . | . . . . . . Retrieved Components . | . . . . . . Parts Scanalyzed 1 | . . . . . 1 Part Schematics Acquired 1 | . . . . . 1 Parts Damaged . | . . . . . . Bothacking | -11 -10 -10 -10 -9 -8 ------------ Run | Scr Mat Min Exi Min Mat Used RIF Installer . | . . . . . . Robots Hacked . | . . . . . . Non-combat . | . . . . . . Combat . | . . . . . . Robot Hacks Applied . | . . . . . . Relay Couplers Released . | . . . . . . Robots Rewired . | . . . . . . Allies Hacked . | . . . . . . Hacks Repelled . | . . . . . . Allies | -11 -10 -10 -10 -9 -8 -------- Run | Scr Mat Min Exi Min Mat Total Allies 1 | . . 1 . . . Largest Group 1 | . . 1 1 . . Highest-Rated Group 31 | . . 31 31 . . Highest-Rated Ally 31 | . . 31 31 . . Total Orders . | . . . . . . Ally Attacks 17 | . . 17 . . . Total Damage 229 | . . 229 . . . Kills 5 | . . 5 . . . Allies Corrupted . | . . . . . . Allies Melted . | . . . . . . Intel | -11 -10 -10 -10 -9 -8 ------- Run | Scr Mat Min Exi Min Mat Robot Analysis Total . | . . . . . . Derelict Logs Recovered 3 | . . 1 . 2 . Drone Launches . | . . . . . . Drone Recoveries . | . . . . . . Exploration | -11 -10 -10 -10 -9 -8 ------------- Run | Scr Mat Min Exi Min Mat Turns Passed 1510 | 53 441 342 346 170 158 Spaces Moved 1134 | 50 277 240 289 108 170 Core 240 | 50 100 . . . 90 Treads . | . . . . . . Legs 861 | . 177 240 289 108 47 Wheels . | . . . . . . Hover . | . . . . . . Flight 33 | . . . . . 33 Fastest Speed 40 | 50 50 120 120 120 40 Average Speed 108 | 55 112 123 120 120 67 Slowest Speed 150 | 100 150 150 120 150 120 Overloaded Moves . | . . . . . . Propulsion Burnouts . | . . . . . . Robots Hopped 2 | . . . . . 2 Cave-ins Triggered . | . . . . . . Exploration Rate (%) 38 | 4 54 37 78 31 27 Regions Visited 5 Branch Regions 3 Pre-discovered Areas 1 | . . . . 1 . Known Exits Taken . | . . . . . . Unknown Exits Taken 5 | 1 1 1 1 1 . Scrap Searched 1 | . . . . 1 . Spaces Dug . | . . . . . . Terrain Destroyed 80 | . . . . 80 . Melee . | . . . . . . Projectile . | . . . . . . AOE 80 | . . . . 80 . Terrain Rammed . | . . . . . . Walls Destroyed . | . . . . . . Machines Disabled . | . . . . . . Actions | -11 -10 -10 -10 -9 -8 --------- Run | Scr Mat Min Exi Min Mat Total 1295 | 62 341 270 288 131 203 Wait 17 | . 3 13 . . 1 Move 1125 | 49 276 239 288 107 166 Hop 2 | . . . . . 2 Pick Up 22 | 2 12 2 . 3 3 Fast Attach 16 | 5 5 2 . 1 3 Attach 9 | . 3 . . . 6 Detach 6 | . 1 . . . 5 Swap 4 | . . 1 . 3 . Drop 23 | . 5 3 . 5 10 Fire 64 | 6 36 10 . 12 . Melee 7 | . . . . . 7 Ram . | . . . . . . Kick . | . . . . . . Crush . | . . . . . . Escape Stasis . | . . . . . . Rewire . | . . . . . . Trap . | . . . . . . Miscellaneous . | . . . . . . Route ------- -11/Scrapyard -10/Materials (discovered 3 exits: [*Mat] / [*Min x2]) -10/Mines (discovered 2 exits: [*Mat] / [*Exi]) -10/Exiles (discovered 2 exits: [*Min x2]) -9/Mines -8/Materials (discovered 2 exits: Fac x2) History --------- Turn | Location | Event 12 | -11/Scrapyard | Discovered new exit (range 15) 54 | -11/Scrapyard | Entered Materials 137 | -10/Materials | Discovered new exit (range 14) 217 | -10/Materials | Core integrity fell below 50% 311 | -10/Materials | Build established: Mutant 462 | -10/Materials | Discovered new exit (range 10) 463 | -10/Materials | Discovered new exit (range 13) 495 | -10/Materials | Entered Mines 507 | -10/Mines | Discovered new exit (range 15) 525 | -10/Mines | Learned Materials stockpile data 526 | -10/Mines | Assembled infested the area 557 | -10/Mines | Received a Mining Laser from a helpful Derelict 557 | -10/Mines | Core integrity fell below 20% 772 | -10/Mines | Received a Rocket Launcher from a helpful Derelict 828 | -10/Mines | Deemed a non-threat by the Exiles lab entrance 828 | -10/Mines | Discovered new exit (range 5) 837 | -10/Mines | Entered Exiles 837 | -10/Exiles | Accompanied by 1 ally 854 | -10/Exiles | Discovered new exit (range 15) 869 | -10/Exiles | Met 8R-AWN 896 | -10/Exiles | Met EX-HEX 941 | -10/Exiles | Met EX-BIN 959 | -10/Exiles | Met EX-DEC 1002 | -10/Exiles | Visited The Gauntlet 1165 | -10/Exiles | Discovered new exit (range 15) 1183 | -10/Exiles | Entered Mines 1211 | -9/Mines | Learned location of Zion (-6) 1259 | -9/Mines | Learned location of 2 exits from Materials 1329 | -9/Mines | Discovered new exit (range 13) 1353 | -9/Mines | Entered Materials 1353 | -8/Materials | Evolved 4 slots: Propulsion x1, Utility x3 1354 | -8/Materials | Identified exit to Factory 1463 | -8/Materials | Core integrity fell below 50% 1489 | -8/Materials | Core integrity fell below 20% 1490 | -8/Materials | Lost 5 parts (3n1u1w) 1511 | -8/Materials | Destroyed by S-10 Pest with Light Assault Rifle Last Messages --------------- 01459_ Targeting Computer destroyed. 01468_ Acquired Transmission Jammer. 01471_ Dropped Hrd. Light Armor Plating. 01473_ Acquired Hvy. Mace. 01487_ Destroyed Imp. Heat Sink. 01487_ G-47 Trooper system corrupted by crushing effect. 01488_ G-47 Trooper system terminally corrupted. 01488_ Lgt. Nuclear Core fried. 01488_ Aluminum Leg fried. 01490_ Acquired 56 matter. 01490_ Sneak attack on A-02 Transporter. 01497_ Connecting with Terminal... >>Alert(Purge) Purged threat record, alert level lowered. >>Trojan(Botnet) Trojan loaded successfully. Testing... Terminal linked with 0 systems. Awaiting botnet instructions. 01509_ R-06 Scavenger inserts Med. Matter Pod into recycling unit. Map ----- +----------------------------------------------------+ | ?????????????????????????????????????????????????? | | ?????????????????????????????????????????????????? | | ?????????????????????????????????????????????????? | | ?????????????????????????????????????????????????? | | ?????????????????????????????????????????????????? | | ?????????????????????????????????????????????????? | | ?????????????????????????????????????????????????? | | ?????????????????????????????????????????????????? | | ?????????????????????????????????????????????????? | | ?????????????????????????????????????????????????? | | ?????????????????????????????????????????????????? | | ?????????????????????????????????????????????????? | | ?????????????????????????????????????????????????? | | ????????????????????? ???????????????????????????? | | ????????????????????#+#??????????????????????????? | | ????????????????????# #??????????????????????????? | | ????????????????????# #???#+#????????????????????? | | ????????????????????# #?### ###??????????????????? | | ????????????????????# #?#= ###########????????? | | #????????????????# ### #????????? | | #????????????????+ T +????????? | | #????????????????# ### #????????? | | #????????????????# #?# ##+####????????????? | | #????????????????# #####g###??????????????????? | | #????????????????# ## s #??????????????????? | | #????????????????# ## @"""g#??????????????????? | | #????????????????# ##s "Y" #??????????????????? | | #????????????????# ## s r #??????????????????? | | #????????????????# #########??????????????????? | | #????????????????# #??????????????????????????? | | #????????????????# #??????????????????????????? | | ###+############## ###????????????????????????? | | ^ #????????????????????????? | | +????????????????????????? | | !! #????????????????????????? | | ######/####### !! #????????????????????????? | | # # #????????????????????????? | | # """ """ / ! #????????????????????????? | | # """ """ # #????????????????????????? | | # """ """ # #????????????????????????? | | # ] + #????????????????????????? | | ############## """ #????????????????????????? | | ??? """ #????????????????????????? | | ?? """ ???????????????????????? | | ? ??????????????????????? | | #?????????????????????? | | ## ####### #?????????????????????? | | ??? """ = ???????+## #?????????????????????? | | ???? ""?"" ???????????? #?????????????????????? | | ?????????" ????????????????????????????????????? | +----------------------------------------------------+ Best States ------------- Heat Dissipation 31 Energy Generation 14 Energy Capacity 160 Matter Stores 300 Matter Capacity 300 Sight Range 16 Robot Scan Range 13 Terrain Scan Density 10 Armor Coverage 150 Power Shielding 33 Evasion (%) 62 Targeting Accuracy 10 Item Schematics ----------------- Hacking Suite | -8/Materials | Scanalyzed Robot Schematics ------------------ None Fabricated ------------ Nothing Alien Tech Used ----------------- None Achievements -------------- None Challenges ------------ None Game ------ Seed ChargeTerrainTrap Manual? 0 Play Time 00:20:51 Cumulative 111.3 hours Start 2021.03.07 @ 12:27:54 End 2021.03.07 @ 12:44:53 Sessions 1 Manual Loads 0 Difficulty Rogue Special Mode None Game No. 86 Rogue 86 Adventurer 0 Explorer 0 Win Type - Total 1 Types 1/0/0/0/0/0/0/0/0 Lore% 40 Gallery% 57 Achievement% 45 Wizard Run 0 Options --------- ASCII 0 Keyboard 0 Movement Numpad Keybinds 0 Fullscreen 0 Font 16/SmallcapsGlow Map View 76x50 Tactical HUD 1 Map Filters NONE Filters NONE Steam 1 RUN: 90107b03-2690-4ba5-b696-fb9429991c60